 Dungeon Crawl Stone Soup version 0.19.0-20-gbc5f0c6 (webtiles) character file.

42 Kanzey the Skirmisher (level 3, -2/33 HPs)
             Began as a Draconian Berserker on Nov 17, 2016.
             Was a Believer of Trog.
             Slain by a hobgoblin
             ... wielding a +0 club
             ... led by Robin
              (4 damage)
             ... on level 1 of the Dungeon.
             The game lasted 00:15:35 (978 turns).

Kanzey the Skirmisher (Draconian Berserker)          Turns: 978, Time: 00:15:35

Health: -2/33      AC:  5    Str: 20    XL:     3   Next: 35%
Magic:  3/3        EV: 13    Int: 12    God:    Trog [**....]
Gold:   62         SH:  0    Dex: 10    Spells: 0 memorised, 2 levels left

rFire  . . .     SeeInvis .     a - +0 hand axe
rCold  . . .     Gourm    .     (armour unavailable)
rNeg   . . .     Faith    .     (no shield)
rPois  .         Spirit   .     (helmet restricted)
rElec  .         Reflect  .     (no cloak)
rCorr  .         Harm     .     (no gloves)
MR     .....                    (no boots)
Stlth  +.........               (no amulet)
                                (no ring)
                                (no ring)

@: brilliant, very slightly contaminated, hasted, very quick
A: unfitting armour, cold-blooded, AC +5
a: Berserk, Trog's Hand, Burn Spellbooks, Renounce Religion


You were on level 1 of the Dungeon.
You worshipped Trog.
Trog was pleased with you.
You were not hungry.

You visited 1 branch of the dungeon, and saw 2 of its levels.

You collected 62 gold pieces.

Inventory:

Hand Weapons
 a - a +0 hand axe (weapon)
Missiles
 c - 11 poisoned needles
 p - 15 stones (quivered)
Armour
 d - a +0 robe
 k - a cursed +0 leather armour
Scrolls
 f - a scroll of noise {unknown}
 h - 4 scrolls of remove curse {unknown}
 j - 2 scrolls of magic mapping {unknown}
 l - 2 scrolls of identify {unknown}
 n - a scroll of fog {unknown}
 o - a scroll of enchant armour {unknown}
 q - a scroll of amnesia {unknown}
 r - a scroll of recharging {unknown}
Potions
 i - a potion of heal wounds {unknown}
Comestibles
 b - a bread ration
 g - 5 chunks of flesh


   Skills:
 + Level 3.8 Fighting
 + Level 3.4 Axes
 + Level 0.6 Throwing
 + Level 3.1 Dodging
 + Level 0.2 Stealth


You had 2 spell levels left.
You didn't know any spells.

Dungeon Overview and Level Annotations

Branches:
Dungeon (2/15)

Altars:

Annotations:
D:2 Robin


Innate Abilities, Weirdness & Mutations

Your plain brown scales are hard. (AC +5)
You cannot fit into any form of body armour.
You are cold-blooded and may be slowed by cold attacks.


Message History

The goblin hits you but does no damage. The hobgoblin misses you.
The hobgoblin hits you but does no damage.
The goblin misses you. The goblin hits you with a club.
* * * LOW HITPOINT WARNING * * *
The hobgoblin closely misses you. The hobgoblin hits you with a club.
* * * LOW HITPOINT WARNING * * *
The goblin misses you.
You climb upwards.
There is a stone staircase leading down here.
You feel yourself speed up.
The goblin no longer looks unusually strong.
The goblin hits you but does no damage. The hobgoblin hits you.
* * * LOW HITPOINT WARNING * * *
You are very lightly contaminated with residual magic.
It was a potion of brilliance.
You feel clever all of a sudden.
The hobgoblin no longer looks unusually strong.
The hobgoblin hits you with a club.
You die...

#.# #.#....)##.# #.#
#...###..#.# #.# #..##
##.#.# ##.# ###..# #.#.#
...# #...## #...# ####
##...# ##..# # #...##
#..# ######...# ####.##
..##....## #g@gg.#
........# ##g###.####
...##..### #.g# #....#
#..#.....#####.#####...#
#....###.....)...###...#
##.#.########..#.......#
#............######...###
#....###....## #.....##
##....# #.##.###
###.##..###


You could see 2 hobgoblins and 3 goblins.

Vanquished Creatures
  A dart slug (D:1)
  5 bats (D:1)
  12 goblins
  7 hobgoblins
  3 jackals (D:2)
  A frilled lizard (D:2)
  2 kobolds (D:1)
  5 rats
36 creatures vanquished.

Notes
Turn   | Place    | Note
-------+----------+-------------------------------------------
     0 | D:1      | Kanzey the Draconian Berserker began the quest for the Orb.
     0 | D:1      | Reached XP level 1. HP: 19/19 MP: 1/1
   202 | D:1      | Reached XP level 2. HP: 26/26 MP: 2/2
   629 | D:1      | Reached ** piety under Trog
   646 | D:1      | Reached XP level 3. HP: 31/33 MP: 3/3
   948 | D:2      | Noticed Robin
   978 | D:1      | Slain by a hobgoblin

Skill      XL: |  1  2 |
---------------+-------+-----
Dodging        | 3 |  3.1
Fighting       | |  3.8
Axes           | |  3.4
Throwing       | |  0.6
Stealth        | |  0.2

Action                   || total
-------------------------++-------
Melee: Hand axe          ||    72
       Tailslap          ||     8
Throw: Stone             ||    35
  Use: Potion            ||     2
Armor: Skin              ||    27
Dodge: Dodged            ||    82
